 Dungeon Crawl Stone Soup version 0.29-a0-330-g52719c12eb (webtiles) character file.

Game seed: 12074313747018879018

36 durneh the Caller (level 3, 0/19 HPs)
             Began as a Deep Elf Summoner on Apr 13, 2022.
             Slain by an adder (1 damage)
             ... on level 2 of the Dungeon.
             The game lasted 00:09:14 (604 turns).

durneh the Caller (Deep Elf Summoner)                Turns: 604, Time: 00:09:14

Health: 0/19       AC:  4    Str:  5    XL:     3   Next: 19%
Magic:  7/10       EV: 12    Int: 21    God:
Gold:   42         SH:  0    Dex: 15    Spells: 6/9 levels left

rFire   . . .      SeeInvis .   g - +0 short sword (drain)
rCold   . . .      Faith    .   (no shield)
rNeg    . . .      Spirit   .   d - +1 leather armour
rPois   .          Reflect  .   (no helmet)
rElec   .          Harm     .   (no cloak)
rCorr   .          Rampage  .   (no gloves)
Will    .....                   (no boots)
Stlth   ++........              (no amulet)
HPRegen 0.06/turn               (no ring)
MPRegen 0.12/turn               (no ring)

@: lethally poisoned (0 -> -2)
A: no striking features
a: no special abilities


You were on level 2 of the Dungeon.
You visited 1 branch of the dungeon, and saw 2 of its levels.

You collected 42 gold pieces.

Inventory:

Hand Weapons
 c - a +0 short sword
 e - a +0 dagger
 g - a +0 short sword of draining (weapon)
Armour
 a - a +0 robe
 d - a +1 leather armour (worn)
Jewellery
 m - a ring of fire
Potions
 b - a potion of magic
 j - a potion of attraction


   Skills:
 - Level 0.2 Fighting
 * Level 0.4 Short Blades
 - Level 2.7 Dodging
 + Level 2.4 Stealth
 * Level 3.6 Spellcasting
 * Level 4.9 Summonings


You had 6 spell levels left.
You knew the following spells:

 Your Spells              Type           Power      Damage    Failure   Level
a - Summon Small Mammal   Summ           96%        N/A       2%          1
b - Call Imp              Summ           24%        N/A       4%          2

Your spell library contained the following spells:

 Spells                   Type           Power      Damage    Failure   Level
 Call Canine Familiar     Summ           24%        N/A       9%          3
 Summon Guardian Golem    Hex/Summ       14%        N/A       22%         3
 Summon Lightning Spire   Summ/Air       14%        N/A       58%         4


Dungeon Overview and Level Annotations

Branches:
Dungeon (2/15)

Altars:
Makhleb


Message History

You kill the kobold!
You hit the adder. Your punch misses the adder.
The adder is moderately wounded.
The adder bites you but does no damage.
You hit the adder.
The adder is heavily wounded.
The adder misses you. The adder bites you.
You hit the adder but do no damage.
The adder is heavily wounded.
The adder bites you.
You are poisoned.
The adder poisons you!
You feel sick.
Casting: Call Imp (safe; 4% risk of failure)
Confirm with . or Enter, or press ? or * to list all spells.
A beastly little devil appears in a puff of flame.
You feel sick. The adder bites you. The adder closely misses you.
You feel sick.
You feel sick. The adder attacks as you move away!
The adder bites you but does no damage.
You feel sick.
You are no longer poisoned.
Your crimson imp blinks!
The adder bites you.
* * * LOW HITPOINT WARNING * * *
You are lethally poisoned!
The adder poisons you!
Casting: Call Imp (safe; 4% risk of failure)
Confirm with . or Enter, or press ? or * to list all spells.
A shadowy apparition takes form in the air.
* * * LOW HITPOINT WARNING * * *
You feel sick. The adder barely misses you.
A goblin comes into view. It is wielding a +0 club.
* * * LOW HITPOINT WARNING * * *
You feel sick.
* * * LOW HITPOINT WARNING * * *
You feel sick.
The goblin shouts!
The adder bites you.
You die...

######## #......#
#......#
#......########
#.......(...5.#######
#.......S@....g..
#)#<#####.####.#.
#.### #.# .. #.# ...
... ##.. ... ##. #.#.
#. #.#.


You could see an adder (ally target), a goblin and a friendly shadow imp
(summoned).

Vanquished Creatures
  2 frilled lizards (D:1)
  2 kobolds
  4 rats (D:1)
8 creatures vanquished.

Vanquished Creatures (collateral kills)
  A dart slug (D:1)
  2 endoplasms (D:1)
  A giant cockroach (D:1)
  4 goblins (D:1)
  3 hobgoblins (D:1)
  2 jackals (D:1)
  9 kobolds (D:1)
  2 frilled lizards (D:1)
  2 rats (D:1)
26 creatures vanquished.

Vanquished Creatures (others)
  24 plants (D:1)
24 creatures vanquished.

Grand Total: 58 creatures vanquished

Notes
Turn   | Place    | Note
-------+----------+-------------------------------------------
     0 | D:1      | durneh the Deep Elf Summoner began the quest for the Orb.
     0 | D:1      | Reached XP level 1. HP: 10/10 MP: 6/6
   127 | D:1      | Reached XP level 2. HP: 15/15 MP: 1/8
   190 | D:1      | Found a burning altar of Makhleb.
   222 | D:1      | Learned a level 2 spell: Call Imp
   419 | D:1      | Reached XP level 3. HP: 19/19 MP: 6/9
   604 | D:2      | Slain by an adder

Illustrated notes

Levels and vault maps discovered:
D:1:      roderic_crop_circles_arrival_small, layout_rooms,
          kennysheep_flooded_box, lexackson_kobold_supper
D:2:      layout_basic, minivault_27, minmay_misc_feat_columns

Action                   || total
-------------------------++-------
Melee: Unarmed           ||     9
       Short sword       ||    22
 Cast: Summon Small Mamm ||    24
       Call Imp          ||     7
  Use: Scroll            ||     6
 Stab: Sleeping          ||     1
Armor: Robe              ||     4
       Leather armour    ||     2
Dodge: Dodged            ||    22

Table legend: (Time is in decaauts)
 A = Elapsed time spent in this place.
 B = Non-inter-level travel time spent in this place.
 C = Inter-level travel time spent in this place.
 D = Time resting spent in this place.
 E = Time spent auto-exploring this place.
 F = Levels seen in this place.
 G = Mean time per level.
                   A        B        C        D        E       F      G
               +--------+--------+--------+--------+--------+-----+--------+
         Total |    604 |    354 |    250 |      0 |     41 |   2 |  302.0 |
       Dungeon |    604 |    354 |    250 |      0 |     41 |   2 |  302.0 |
               +--------+--------+--------+--------+--------+-----+--------+

Top non-repeatable levels by time:
     D:1: 589 daAuts
     D:2: 14 daAuts
